 Dungeon Crawl Stone Soup version 0.31-a0-202-g547052bce9 (webtiles) character file.

Game seed: 3242523374750652612

82 qw the Shooter (level 4, -10/25 HPs)
             Began as a Deep Elf Hunter on June 26, 2023.
             Killed by divine providence
             ... invoked by an orc priest
              (15 damage)
             ... on level 3 of the Dungeon.
             The game lasted 00:00:39 (1546 turns).

qw the Shooter (Deep Elf Hunter)                    Turns: 1546, Time: 00:00:40

Health: -10/25     AC: 12    Str: 10    XL:     4   Next: 21%
Magic:  6/6        EV: 11    Int: 14    God:
Gold:   19         SH:  0    Dex: 18    Spells: 3/3 levels left

rFire   . . .        Y - +1 shortbow
rCold   . . .        (shield currently unavailable)
rNeg    . . .        g - +0 ring mail
rPois   .            (no helmet)
rElec   .            (no cloak)
rCorr   .            (no gloves)
SInv    .            l - +2 pair of boots
Will    .....        n - amulet of regeneration
Stlth   +            k - +4 ring of protection
HPRegen 1.04/turn    (no ring)
MPRegen 0.10/turn

%: no passive effects
@: no status effects
A: no striking features
a: no special abilities


You were on level 3 of the Dungeon.
You visited 1 branch of the dungeon, and saw 3 of its levels.

You collected 103 gold pieces.
You spent 84 gold pieces at shops.


   Skills:
 - Level 1.5 Fighting
 + Level 7.6 Ranged Weapons
 - Level 2.4 Dodging
 - Level 1.2 Stealth


You had 3 spell levels left.
You didn't know any spells.
Your spell library was empty.

Inventory:

Hand Weapons
 Y - a +1 shortbow (weapon)
Armour
 g - a +0 ring mail (worn)
 l - a +2 pair of boots (worn)
Jewellery
 k - a +4 ring of protection (left hand)
 n - an amulet of regeneration (around neck)
Wands
 a - a wand of digging (5)
Scrolls
 e - a scroll of identify
Potions
 d - a potion of attraction {unknown}
 f - 4 potions of curing
 h - a potion of berserk rage {unknown}
 j - a potion of brilliance {unknown}

Dungeon Overview and Level Annotations

Branches:
Dungeon (3/15)

Altars:

Shops:
D:1 [   D:3 !==


Message History

An orc comes into view. It is wielding a +0 short sword.
The orc priest shouts!
Enter note:
Enter note:
1537 ||| Stepping ~*~*~tactically~*~*~ (outnumbered).
You shoot an arrow. The arrow barely misses the orc priest.
An orc comes into view. It is wielding a +0 short sword.
You shoot an arrow. The arrow hits the orc priest.
The orc priest is moderately wounded.
A quokka comes into view.
The orc priest invokes the aid of Beogh against you.
Pain shoots through your body!
The quokka moves out of view.
You shoot an arrow. The arrow hits the orc priest.
The orc priest is heavily wounded.
An orc comes into view. It is wielding a +0 trident.
You shoot an arrow. The arrow hits the orc priest.
The orc priest is severely wounded.
You shoot an arrow. The arrow hits the orc priest.
The orc priest is severely wounded.
The orc priest calls upon Beogh to heal the orc priest.
The orc priest is healed somewhat.
A goblin comes into view. It is wielding a +0 dagger.
You shoot an arrow. The arrow hits the orc priest.
The orc priest is heavily wounded.
The orc priest invokes the aid of Beogh against you.
Beogh smites you!
You shoot an arrow.
The arrow hits the orc priest but does no damage.
The orc priest is heavily wounded.
The orc priest hits you with a +0 hand axe.
You shoot an arrow. The arrow hits the orc priest.
The orc priest is severely wounded.
The orc priest hits you with a +0 hand axe.
The orc priest closely misses you.
You shoot an arrow. The arrow hits the orc priest.
The orc priest is severely wounded.
The orc priest invokes the aid of Beogh against you.
Beogh smites you!
Ouch! That really hurt!
You die... o..... ..... .... ... oo## oo#

#g# #o# #@# #.# #.#
#.# #.# #.# ## #.#
### ...# #.# #
###.#####.....##.##.#


You could see 2 orc priests, 2 orcs and a goblin.

Vanquished Creatures
  Ijyb (D:3)
  An adder (D:3)
  A dart slug (D:2)
  5 endoplasms
  2 giant cockroaches (D:1)
  6 goblins
  3 hobgoblins
  5 jackals (D:1)
  3 ball pythons
  3 bats
  5 frilled lizards
  4 kobolds
  7 rats
46 creatures vanquished.

Notes
Turn   | Place    | Note
-------+----------+-------------------------------------------
     0 | D:1      | qw the Deep Elf Hunter began the quest for the Orb.
     0 | D:1      | Reached XP level 1. HP: 12/12 MP: 3/3
     0 | D:1      | 0 ||| qw: Version: 0.3-a-22-g0ed2b0b
     0 | D:1      | 0 ||| qw: Game counter: 5784
     0 | D:1      | 0 ||| qw: Melee chars always use a shield: true
     0 | D:1      | 0 ||| qw: God list: Okawaru
     0 | D:1      | 0 ||| qw: Allow faded altars: false
     0 | D:1      | 0 ||| qw: Do Orc after clearing Dungeon:15 true
     0 | D:1      | 0 ||| qw: Do second Lair branch before Depths: true
     0 | D:1      | 0 ||| qw: Lair rune preference: random
     0 | D:1      | 0 ||| qw: Goals: Normal
     0 | D:1      | 0 ||| PLANNING D:1-11
   264 | D:1      | Reached XP level 2. HP: 16/16 MP: 4/4
   266 | D:1      | Reached skill level 6 in Ranged Weapons
   269 | D:1      | 269 ||| FLEEEEING.
   270 | D:1      | 270 ||| FLEEEEING.
   274 | D:1      | 274 ||| FLEEEEING.
   275 | D:1      | 275 ||| FLEEEEING.
   343 | D:1      | Found Qeunny's Armour Shoppe.
   353 | D:1      | 353 ||| SHOPLISTING +0 ring mail (48 gold, have 38).
   353 | D:1      | 353 ||| SHOPLISTING +0 scale mail (48 gold, have 38).
   353 | D:1      | 353 ||| SHOPLISTING +7 pearl dragon scales of Oblivion {rC+
                  | rN+} (1579 gold, have 38).
   490 | D:1      | Reached XP level 3. HP: 17/20 MP: 5/5
   546 | D:1      | 546 ||| UPGRADING to +2 pair of boots.
   551 | D:1      | 551 ||| UPGRADING to amulet of regeneration.
   556 | D:1      | 556 ||| UPGRADING to +4 ring of protection.
   557 | D:1      | 557 ||| READING scroll labelled LIABAI OMAESAU.
   558 | D:1      | 558 ||| READING 2 scrolls labelled FYSUDGHAXEO.
   559 | D:1      | 559 ||| READING 2 scrolls labelled EDDULEX ROORCH.
   560 | D:1      | 560 ||| READING scroll labelled INKIUG YRIU.
   561 | D:1      | 561 ||| READING scroll labelled RAOZOK TOISHUE.
   566 | D:1      | 566 ||| DRINKING 3 inky potions.
   567 | D:1      | 567 ||| DROPPING scroll of butterflies.
   568 | D:1      | 568 ||| DROPPING scroll of noise.
   569 | D:1      | 569 ||| DROPPING scroll of revelation.
  1344 | D:2      | 1344 ||| UPGRADING to +0 ring mail.
  1354 | D:2      | 1354 ||| DROPPING +0 leather armour.
  1355 | D:2      | 1355 ||| READING scroll labelled SYN JIEVOIGGOS.
  1356 | D:2      | 1356 ||| READING scroll labelled NIENIO KUKIRAL.
  1357 | D:2      | 1357 ||| READING scroll labelled TYQINT DUEPSEU.
  1386 | D:3      | Found Jaagure's Distillery.
  1390 | D:3      | 1390 ||| SHOPLISTING 2 potions of haste (280 gold, have
                  | 92).
  1390 | D:3      | 1390 ||| BUYING potion of curing (42 gold).
  1390 | D:3      | Bought a potion of curing for 42 gold pieces
  1390 | D:3      | 1390 ||| BUYING potion of curing (42 gold).
  1390 | D:3      | Bought a potion of curing for 42 gold pieces
  1390 | D:3      | 1390 ||| SHOPLISTING potion of haste (140 gold, have 8).
  1390 | D:3      | 1390 ||| SHOPLISTING potion of mutation (112 gold, have 8).
  1396 | D:3      | Reached skill level 7 in Ranged Weapons
  1413 | D:3      | Found Gozaaq's Jewellery Emporium.
  1420 | D:3      | 1420 ||| SHOPLISTING +5 ring of evasion (432 gold, have 8).
  1420 | D:3      | 1420 ||| SHOPLISTING amulet of faith (480 gold, have 8).
  1420 | D:3      | 1420 ||| SHOPLISTING ring of ice (300 gold, have 8).
  1420 | D:3      | 1420 ||| SHOPLISTING ring of protection from cold (300
                  | gold, have 8).
  1420 | D:3      | 1420 ||| SHOPLISTING ring of resist corrosion (240 gold,
                  | have 8).
  1420 | D:3      | 1420 ||| SHOPLISTING ring of see invisible (180 gold, have
                  | 8).
  1457 | D:3      | Noticed Ijyb
  1481 | D:3      | Killed Ijyb
  1482 | D:3      | Reached XP level 4. HP: 25/25 MP: 6/6
  1501 | D:3      | Found Gieceh's Jewellery Boutique.
  1505 | D:3      | 1505 ||| SHOPLISTING +6 ring of strength (432 gold, have
                  | 8).
  1505 | D:3      | 1505 ||| SHOPLISTING amulet of reflection (360 gold, have
                  | 8).
  1505 | D:3      | 1505 ||| SHOPLISTING ring of Komis {Ice rPois rN+ MP-9
                  | SInv} (308 gold, have 8).
  1505 | D:3      | 1505 ||| SHOPLISTING ring of fire (300 gold, have 8).
  1505 | D:3      | 1505 ||| SHOPLISTING ring of protection from cold (300
                  | gold, have 8).
  1505 | D:3      | 1505 ||| SHOPLISTING ring of protection from fire (300
                  | gold, have 8).
  1505 | D:3      | 1505 ||| SHOPLISTING ring of resist corrosion (240 gold,
                  | have 8).
  1505 | D:3      | 1505 ||| SHOPLISTING ring of see invisible (180 gold, have
                  | 8).
  1537 | D:3      | 1537 ||| Stepping ~*~*~tactically~*~*~ (outnumbered).
  1544 | D:3      | HP: 6/25 [orc priest/+0 hand axe (5)]
  1546 | D:3      | Killed from afar by an orc priest

Levels and vault maps discovered:
D:1:      dpeg_arrival_simpleton_b, layout_basic, serial_shops, shop
D:2:      layout_basic, grunt_decor_resistance
D:3:      minmay_evil_eye, layout_loops_ring, eat_drink_and_be_merry_uskayaw,
          serial_shops, shop, nicolae_shop_real_fake_doors, shop, shop, shop,
          ebering_dispersal_statue_hall, uniq_jessica, uniq_ijyb

Skill      XL: |  1  2  3 |
---------------+----------+-----
Ranged Weapons | 6 7 |  7.6
Fighting       | |  1.5
Dodging        | |  2.4
Stealth        | |  1.2

Action                     |  1- 3 |  4- 6 || total
---------------------------+-------+-------++-------
   Fire: Shortbow          |   112 |    19 ||   131
    Use: Scroll            |     8 |       ||     8
         Potion            |     1 |       ||     1
 Armour: Leather armour    |     6 |       ||     6
         Ring mail         |    13 |       ||    13
  Dodge: Dodged            |    19 |     3 ||    22

Table legend:
 A = Non-vault XP
 B = Vault XP
 C = Vault XP percentage of total XP
 D = Non-vault monster count
 E = Vault monster count
 F = Vault count percentage of total count
                 A         B        C        D         E       F
            +---------+---------+-------+---------+---------+-------
      Total |      79 |      39 |  33.1 |      43 |       3 |   6.5
            +---------+---------+-------+---------+---------+-------
        D:1 |      43 |       0 |   0.0 |      29 |       0 |   0.0
        D:2 |      14 |       0 |   0.0 |       8 |       0 |   0.0
        D:3 |      22 |      39 |  63.9 |       6 |       3 |  33.3
            +---------+---------+-------+---------+---------+-------
